[Event "December 19 Early 2023"]
[Site "https://www.chess.com"]
[Date "2023.12.19"]
[Round "4"]
[White "Samunenkov, Ihor"]
[Black "Shohat, Yotam"]
[Result "1-0"]
[Board "38"]
[TimeControl "180+1"]
[WhiteFideId "14187086"]
[BlackFideId "2813955"]
[WhiteElo "2473"]
[BlackElo "2226"]
[WhiteTeam "UKR"]
[BlackTeam "ISR"]
[WhiteClock "0:00:05"]
[BlackClock "0:00:00"]

1. d4 Nf6 2. Nc3 d5 3. Bf4 a6 4. e3 g6 5. h4 h5 6. Nf3 Bg4 7. Qd2 Bxf3 8. gxf3 e6 9. O-O-O Nbd7 10. e4 Bb4 11. Bg5 Be7 12. exd5 Nxd5 13. Nxd5 Bxg5 14. Nxc7+ Qxc7 15. Qxg5 Qd8 16. f4 Qxg5 17. fxg5 O-O-O 18. Bg2 Kc7 19. Rh3 Nb6 20. Rc3+ Kb8 21. Rb3 Ka7 22. Rf3 Rd7 23. Rf6 Rc8 24. c3 Nc4 25. Rd3 Ne5 26. Rg3 Rxd4 27. Re3 Ng4 28. Rxf7 Nxe3 29. fxe3 Rg4 30. Bxb7 Rb8 31. Bf3+ Kb6 32. Bxg4 hxg4 33. Rf4 g3 34. Rg4 Rh8 35. Kd2 g2 36. Rxg2 Rxh4 37. Kd3 Kc5 38. b4+ Kd6 39. c4 Rh1 40. Rf2 Rd1+ 41. Rd2 Rg1 42. Ke4+ Ke7 43. Kf4 Rf1+ 44. Ke5 Rf5+ 45. Kd4 Rxg5 46. a4 Kd6 47. c5+ Kc6 48. e4 Rg1 49. Rb2 Rd1+ 50. Ke5 g5 51. Kxe6 g4 52. e5 g3 53. Rg2 Rd4 54. Rxg3 Rxb4 55. Rc3 Rxa4 56. Ke7 Re4 57. e6 a5 58. Kf7 a4 59. e7 Rf4+ 60. Ke8 Re4 61. Kf7 Rf4+ 62. Ke6 Re4+ 63. Kf6 Re1 64. Ra3 Kxc5 65. Rxa4 Kd6 66. Rd4+ Kc7 67. Kf7 Rf1+ 68. Ke6 Re1+ 69. Kf6 Rf1+ 70. Ke6 Re1+ 71. Kf7 Rf1+ 72. Ke8 Re1 73. Rc4+ Kd6 74. Rd4+ Kc7 75. Rd2 Re3 76. Rc2+ Kd6 77. Kd8 1-0

[Event "December 19 Early 2023"]
[Site "https://www.chess.com"]
[Date "2023.12.19"]
[Round "4"]
[White "Nihal Sarin"]
[Black "Omelja, Artem"]
[Result "1-0"]
[Board "39"]
[TimeControl "180+1"]
[WhiteFideId "25092340"]
[BlackFideId "14119846"]
[WhiteElo "2689"]
[BlackElo "2404"]
[WhiteTeam "IND"]
[BlackTeam "UKR"]
[WhiteClock "0:03:22"]
[BlackClock "0:00:15"]

1. a3 d5 2. Nf3 Nf6 3. e3 c5 4. b4 e6 5. bxc5 Bxc5 6. Bb2 O-O 7. c4 Nc6 8. d4 Be7 9. Nbd2 b6 10. Bd3 Bb7 11. O-O Rc8 12. Rc1 Na5 13. Ne5 dxc4 14. Ndxc4 Nxc4 15. Bxc4 Bd6 16. Qe2 Bxe5 17. dxe5 Ne4 18. Rfd1 Qg5 19. f3 Nc5 20. Bd4 Rfd8 21. Rd2 h5 22. Rcd1 h4 23. h3 Qg3 24. e4 Qg5 25. Bf2 Rxd2 26. Rxd2 Nxe4 27. Be3 Qxe5 28. fxe4 Qxe4 29. Rc2 Bd5 30. Bd3 Rxc2 31. Bxc2 Qe5 32. Qd3 Qa1+ 33. Kf2 Qf6+ 34. Kg1 Qa1+ 35. Bd1 Qf6 36. Bf2 g5 37. Bc2 Kf8 38. Qd2 Qa1+ 39. Kh2 Qe5+ 40. Kg1 Qa1+ 41. Be1 Qe5 42. Bd1 Kg8 43. Bf2 Kf8 44. Be3 f6 45. Bd4 Qf5 46. Bc2 Be4 47. Bxe4 Qxe4 48. Bxf6 Qb1+ 49. Kh2 Qf5 50. Qd8+ Kf7 51. Qe7+ Kg6 52. Qg7+ Kh5 53. Qh8+ Kg6 54. Qg7+ Kh5 55. Be5 Qe4 56. Qh8+ Kg6 57. Qf6+ Kh5 58. Qxe6 b5 59. Qe8+ Kh6 60. Bg7+ Kh7 61. Qxe4+ Kxg7 62. Qb7+ Kh6 63. Qxa7 Kh5 64. Qb6 b4 65. Qxb4 g4 66. Qxg4+ Kh6 67. a4 Kh7 68. a5 Kh6 69. a6 Kh7 70. a7 Kh6 71. a8=Q Kh7 72. Qd8 Kh6 73. Qdxh4# 1-0

[Event "December 19 Early 2023"]
[Site "https://www.chess.com"]
[Date "2023.12.19"]
[Round "4"]
[White "Masague Artero, Guerau"]
[Black "Zemlyanskii, Ivan"]
[Result "0-1"]
[Board "40"]
[TimeControl "180+1"]
[WhiteFideId "32098952"]
[BlackFideId "24249971"]
[WhiteElo "2253"]
[BlackElo "2418"]
[WhiteTeam "ESP"]
[BlackTeam "RUS"]
[WhiteClock "0:00:00"]
[BlackClock "0:00:04"]

1. Nf3 d5 2. e3 Nf6 3. d4 c5 4. Bb5+ Bd7 5. a4 g6 6. O-O Qc7 7. c4 dxc4 8. d5 Bxb5 9. axb5 Nbd7 10. Nc3 Bg7 11. e4 O-O 12. Re1 Ng4 13. h3 Nge5 14. Bf4 Qb6 15. Nxe5 Nxe5 16. Bxe5 Bxe5 17. Qa4 a6 18. Qxc4 axb5 19. Nxb5 Rxa1 20. Rxa1 Bxb2 21. Ra2 Be5 22. g3 g5 23. Kg2 Rc8 24. Rc2 Qa5 25. Qe2 Qa4 26. h4 c4 27. Qg4 Rc5 28. Qxg5+ Bg7 29. Nd4 h6 30. Qg4 Kf8 31. Nf5 Qxc2 32. Qxg7+ Ke8 33. Qg8+ Kd7 34. Qxf7 Qxe4+ 35. Kh2 c3 36. Ne3 c2 37. Qh5 c1=Q 0-1

[Event "December 19 Early 2023"]
[Site "https://www.chess.com"]
[Date "2023.12.19"]
[Round "4"]
[White "Tokhirjonova, Gulrukhbegim"]
[Black "Muradli, Mahammad"]
[Result "0-1"]
[Board "41"]
[TimeControl "180+1"]
[WhiteFideId "14203626"]
[BlackFideId "13409301"]
[WhiteElo "2265"]
[BlackElo "2551"]
[WhiteTeam "USA"]
[BlackTeam "AZE"]
[WhiteClock "0:00:11"]
[BlackClock "0:00:14"]

1. Nf3 g6 2. e4 Bg7 3. d4 d6 4. Nc3 Nf6 5. Be2 O-O 6. h3 Nc6 7. Be3 Re8 8. O-O e5 9. d5 Ne7 10. Qd2 Nh5 11. Rad1 a6 12. Bh6 f6 13. Bxg7 Kxg7 14. Nh2 Nf4 15. Bf3 f5 16. Ne2 Nxe2+ 17. Qxe2 Rf8 18. c4 b6 19. b4 a5 20. a3 Ba6 21. b5 Bc8 22. a4 Bd7 23. Qe3 h5 24. Rfe1 f4 25. Qe2 Ng8 26. Nf1 Qh4 27. Kh2 Nf6 28. Kg1 g5 29. g3 Qxh3 30. Bg2 f3 31. Qxf3 Qg4 32. Qe3 Be8 33. Nh2 Qd7 34. Qxg5+ Bg6 35. Bf3 Nh7 36. Qe3 Rf6 37. Qe2 Raf8 38. Rf1 Qf7 39. Rd3 Ng5 40. Bg2 Qd7 41. Qd2 Nh3+ 42. Bxh3 Qxh3 43. Re3 R6f7 44. Qe2 Qd7 45. Rd3 Kh7 46. Re3 Qe7 47. Rd3 Qg5 48. Re3 Kg8 49. Nf3 Qg4 50. Nh4 Qg5 51. Qd2 Bxe4 52. Qe2 Bh7 53. Nf3 Qg4 54. Nh4 Qxe2 55. Rxe2 Bd3 56. Ree1 Bxc4 57. Rd1 Bxf1 58. Rxf1 Kg7 59. Kg2 Kh6 60. Re1 Rxf2+ 61. Kg1 Rc2 62. Rf1 Rff2 63. Rxf2 Rc5 64. Rf6+ Kg7 65. Rf5 Rxd5 66. Rxh5 Rd1+ 67. Kf2 Ra1 68. Nf5+ Kg6 69. g4 Rxa4 70. Rh6+ Kg5 71. Kf3 Rf4+ 72. Ke3 Rxg4 73. Rh8 Kxf5 74. Rh7 Rb4 75. Rxc7 Rxb5 76. Rc6 Ke6 77. Rc7 Rb4 78. Kd3 Kd5 79. Rc2 Rd4+ 80. Ke3 b5 81. Rb2 Kc6 82. Rc2+ Kb6 83. Rc8 a4 84. Rb8+ Ka5 85. Rd8 Kb4 86. Re8 a3 87. Rh8 a2 88. Rh1 Ka3 89. Rg1 b4 90. Rd1 b3 91. Rb1 axb1=Q 0-1

[Event "December 19 Early 2023"]
[Site "https://www.chess.com"]
[Date "2023.12.19"]
[Round "4"]
[White "Nasir, Zehn"]
[Black "Praggnanandhaa R"]
[Result "0-1"]
[Board "42"]
[TimeControl "180+1"]
[WhiteFideId "2613239"]
[BlackFideId "25059530"]
[WhiteElo "2004"]
[BlackElo "2665"]
[WhiteTeam "CAN"]
[BlackTeam "IND"]
[WhiteClock "0:01:23"]
[BlackClock "0:02:20"]

1. d4 Nf6 2. Bf4 b6 3. e3 Bb7 4. Nf3 g6 5. Bc4 Bg7 6. c3 O-O 7. O-O d6 8. Nbd2 Nbd7 9. h3 Qe8 10. Re1 e5 11. Bh2 Qe7 12. a4 e4 13. Ng5 d5 14. Bb3 h6 15. Nxf7 Qxf7 16. Bxc7 Kh7 17. Bd6 Rfe8 18. c4 dxc4 19. Nxc4 Bd5 20. Bg3 0-1

[Event "December 19 Early 2023"]
[Site "https://www.chess.com"]
[Date "2023.12.19"]
[Round "4"]
[White "Golubev, Mikhail"]
[Black "Movahed, Sina"]
[Result "1-0"]
[Board "43"]
[TimeControl "180+1"]
[WhiteFideId "14100983"]
[BlackFideId "42520835"]
[WhiteElo "2352"]
[BlackElo "2341"]
[WhiteTeam "UKR"]
[BlackTeam "IRI"]
[WhiteClock "0:00:17"]
[BlackClock "0:00:07"]

1. e4 c5 2. Nf3 d6 3. d4 cxd4 4. Nxd4 Nf6 5. Nc3 a6 6. Bc4 g6 7. f3 Bg7 8. Be3 h5 9. Qd2 b5 10. Bb3 Bb7 11. O-O-O Nbd7 12. h3 h4 13. Bg5 Rc8 14. Rhe1 Rh5 15. f4 Rxc3 16. Qxc3 Nxe4 17. Bxf7+ Kxf7 18. Qb3+ d5 19. Ne6 Qc8 20. Rxe4 Nb6 21. Nd8+ Kg8 22. Rxe7 Rxg5 23. fxg5 Qxd8 24. Rxb7 Qxg5+ 25. Kb1 Nc4 26. Qf3 Qe5 27. Qxd5+ Qxd5 28. Rxd5 Ne3 29. Rd8+ Kh7 30. Rdd7 Nf5 31. Ra7 Kh6 32. Rxa6 Ne3 33. Rdd6 1-0

[Event "December 19 Early 2023"]
[Site "https://www.chess.com"]
[Date "2023.12.19"]
[Round "4"]
[White "Grandelius, Nils"]
[Black "Sadykov, Ramil"]
[Result "1-0"]
[Board "44"]
[TimeControl "180+1"]
[WhiteFideId "1710400"]
[BlackFideId "24113590"]
[WhiteElo "2573"]
[BlackElo "2245"]
[WhiteTeam "SWE"]
[BlackTeam "FID"]
[WhiteClock "0:02:30"]
[BlackClock "0:01:01"]

1. d4 d5 2. Bf4 Bf5 3. c4 e6 4. Nc3 c6 5. e3 Nf6 6. Qb3 Qb6 7. c5 Qxb3 8. axb3 a6 9. b4 Nh5 10. Be5 f6 11. Bxb8 Rxb8 12. Be2 1-0

[Event "December 19 Early 2023"]
[Site "https://www.chess.com"]
[Date "2023.12.19"]
[Round "4"]
[White "Janaszak, Dawid"]
[Black "Zhigalko, Sergei"]
[Result "0-1"]
[Board "45"]
[TimeControl "180+1"]
[WhiteFideId "1119206"]
[BlackFideId "13502956"]
[WhiteElo "2218"]
[BlackElo "2616"]
[WhiteTeam "POL"]
[BlackTeam "BLR"]
[WhiteClock "0:00:01"]
[BlackClock "0:00:12"]

1. e4 c5 2. Nc3 Nc6 3. Bb5 Nd4 4. Nf3 e6 5. O-O a6 6. Bd3 Nxf3+ 7. Qxf3 Qc7 8. b3 Bd6 9. Qh3 Ne7 10. Bb2 Be5 11. g3 b5 12. Qh5 Nc6 13. Rae1 O-O 14. a4 g6 15. Qh4 c4 16. bxc4 bxc4 17. Bxc4 Nd4 18. Be2 Rb8 19. Ba1 Nxc2 20. Rc1 Nxa1 21. Rxa1 Rb2 22. Rac1 Qd6 23. Rfd1 Rxd2 24. Qh6 Bxc3 25. Rxd2 Bxd2 26. Rd1 Bxh6 0-1

[Event "December 19 Early 2023"]
[Site "https://www.chess.com"]
[Date "2023.12.19"]
[Round "4"]
[White "Tari, Aryan"]
[Black "Iskusnyh, Sergei"]
[Result "0-1"]
[Board "46"]
[TimeControl "180+1"]
[WhiteFideId "1510045"]
[BlackFideId "4120027"]
[WhiteElo "2577"]
[BlackElo "2455"]
[WhiteTeam "NOR"]
[BlackTeam "RUS"]
[WhiteClock "0:00:01"]
[BlackClock "0:02:00"]

1. e4 e6 2. d4 d5 3. exd5 exd5 4. Nf3 Nf6 5. Bd3 c5 6. dxc5 Bxc5 7. O-O O-O 8. Nbd2 Bb6 9. Nb3 Ne4 10. Nfd4 Nc6 11. c3 Qh4 12. g3 Qh3 13. Re1 Nxf2 14. Kxf2 Qxh2+ 15. Kf3 h5 16. Be2 Re8 17. Nxc6 0-1

[Event "December 19 Early 2023"]
[Site "https://www.chess.com"]
[Date "2023.12.19"]
[Round "4"]
[White "Al-Tarboush, Ward"]
[Black "Corrales Jimenez, Fidel"]
[Result "0-1"]
[Board "47"]
[TimeControl "180+1"]
[WhiteFideId "7601450"]
[BlackFideId "3506690"]
[WhiteElo "2278"]
[BlackElo "2507"]
[WhiteTeam "NOR"]
[BlackTeam "USA"]
[WhiteClock "0:00:00"]
[BlackClock "0:00:12"]

1. e4 c5 2. Nf3 d6 3. d4 cxd4 4. Nxd4 Nf6 5. Nc3 a6 6. h3 e6 7. g4 h6 8. Bg2 Be7 9. Be3 Qc7 10. f4 Nc6 11. Qd2 Nxd4 12. Qxd4 e5 13. Qd2 exf4 14. Bxf4 Be6 15. O-O-O Rd8 16. Nd5 Bxd5 17. exd5 Nd7 18. Rhe1 Ne5 19. Qd4 Bf6 20. h4 g5 21. Bxe5 Bxe5 22. Qf2 Qe7 23. Kb1 gxh4 24. Re4 Kf8 25. Rh1 Qf6 26. Qb6 Re8 27. Qxb7 Kg7 28. Rf1 Rb8 29. Qxb8 Rxb8 30. Rxf6 Kxf6 31. b3 Rg8 32. c4 h5 33. Bh3 hxg4 34. Bxg4 Kg5 35. Bh3 f5 36. Re2 Kf6 37. Re3 f4 38. Rf3 Rg1+ 39. Kc2 Ra1 40. a4 Ra2+ 41. Kd3 a5 42. Bf1 Rb2 43. Ke4 Rb1 44. Bh3 Re1+ 45. Kd3 Rc1 46. Kd2 Rb1 47. Rd3 Rb2+ 48. Ke1 Rh2 49. Kf1 Bb2 50. Bg2 Kf5 51. Rh3 Rxh3 52. Bxh3+ Ke4 53. Bg4 Ba3 54. Kf2 Bc5+ 55. Ke2 Bd4 56. Bf3+ Ke5 57. Kd3 h3 58. Bh1 Bc5 59. Kc3 Kf5 60. Kd3 Kg4 61. Ke2 Kg3 62. Bf3 Bb4 63. Be4 Kh2 64. Kf1 Bc5 65. Bf3 Kg3 66. Ke2 Kh4 67. Be4 Kg5 68. Kf3 Bd4 69. Ke2 Kf6 70. Kf3 Ke5 71. Bd3 Bc5 72. Bf1 h2 73. Kg2 Bg1 74. Bd3 f3+ 75. Kh1 Kd4 76. Bf1 Kc5 77. Bd3 Kb4 78. Bf1 Kxb3 79. c5 Bxc5 80. Bb5 Bg1 81. Bc6 Kb4 82. Bb5 Kc5 83. Bc6 f2 84. Bb5 Kxd5 85. Bf1 Kc5 86. Bg2 d5 87. Bf1 d4 88. Bd3 Kb4 89. Bb5 Kc3 90. Bf1 d3 91. Bg2 d2 92. Bf3 f1=Q 93. Bg2 Qf4 0-1

[Event "December 19 Early 2023"]
[Site "https://www.chess.com"]
[Date "2023.12.19"]
[Round "4"]
[White "Sjugirov, Sanan"]
[Black "Thorfinnsson, Bragi"]
[Result "1-0"]
[Board "48"]
[TimeControl "180+1"]
[WhiteFideId "4189302"]
[BlackFideId "2300958"]
[WhiteElo "2569"]
[BlackElo "2325"]
[WhiteTeam "HUN"]
[BlackTeam "ISL"]
[WhiteClock "0:00:50"]
[BlackClock "0:00:00"]

1. e4 e5 2. Nf3 Nc6 3. Bb5 a6 4. Ba4 d6 5. O-O Bd7 6. c3 Nge7 7. d4 Ng6 8. Re1 Be7 9. Nbd2 h6 10. Nf1 Bg5 11. Ng3 Bxc1 12. Rxc1 O-O 13. d5 Nce7 14. Bxd7 Qxd7 15. c4 b6 16. b4 a5 17. a3 axb4 18. axb4 Ra3 19. c5 bxc5 20. bxc5 Nf4 21. Re3 Rfa8 22. Rxa3 Rxa3 23. Qc2 Nd3 24. c6 Qc8 25. Rb1 Qa6 26. Qe2 Ra2 27. Qe3 Nxf2 28. h3 Nd3 29. Nh5 Ng6 30. g3 Rb2 31. Rf1 Qa2 32. Qxd3 Rb3 33. Qd2 Rb2 34. Qd3 Rb3 35. Qc4 Qa3 36. Qe2 Rb2 37. Qe1 Qa2 38. Kh1 Qa3 39. Rf2 Rb3 40. Kg2 Qa4 41. Qd1 Qb4 42. Qe2 Rb1 43. Qc2 Ra1 44. Qb2 Qa4 45. Qb8+ Kh7 46. Qxc7 Qxe4 47. Qxf7 1-0

[Event "December 19 Early 2023"]
[Site "https://www.chess.com"]
[Date "2023.12.19"]
[Round "4"]
[White "Burovic, Rijad"]
[Black "Mahdavi, Reza"]
[Result "0-1"]
[Board "49"]
[TimeControl "180+1"]
[WhiteFideId "14407701"]
[BlackFideId "12595926"]
[WhiteElo "2384"]
[BlackElo "2426"]
[WhiteTeam "BIH"]
[BlackTeam "IRI"]
[WhiteClock "0:00:00"]
[BlackClock "0:00:35"]

1. e4 c5 2. d3 d6 3. g3 Nf6 4. Bg2 g6 5. f4 Bg7 6. Nf3 O-O 7. O-O Nc6 8. Nc3 Rb8 9. h3 b5 10. g4 b4 11. Ne2 Nd7 12. g5 e6 13. h4 a5 14. Rb1 a4 15. Be3 Ba6 16. b3 f5 17. h5 Qe8 18. Ng3 Bb5 19. Nh4 Nb6 20. Qf3 Nd4 21. Qf2 Bc6 22. Rbe1 Qf7 23. Kh2 axb3 24. axb3 Ra8 25. exf5 exf5 26. Bxc6 Nxc6 27. Bxc5 dxc5 28. Qxc5 Qd5 29. Qxd5+ Nxd5 30. hxg6 hxg6 31. Nxg6 Rf7 32. Nh4 Nd4 33. Rf2 Rc8 34. Nh5 Re7 35. Rxe7 Nxe7 36. Ng3 Kf7 37. Kh3 Rh8 38. Nf1 Ng6 39. Kg3 Rxh4 40. Ne3 Rxf4 41. Rxf4 Be5 42. Nd5 Nxf4 43. Nxf4 Ne2+ 44. Kf3 Nxf4 45. d4 Bd6 46. g6+ Kxg6 0-1

[Event "December 19 Early 2023"]
[Site "https://www.chess.com"]
[Date "2023.12.19"]
[Round "4"]
[White "Melian, Juan Sebastian"]
[Black "Kovalev, Vladislav"]
[Result "0-1"]
[Board "50"]
[TimeControl "180+1"]
[WhiteFideId "3706575"]
[BlackFideId "13504398"]
[WhiteElo "2098"]
[BlackElo "2539"]
[WhiteTeam "PAR"]
[BlackTeam "FID"]
[WhiteClock "0:00:48"]
[BlackClock "0:00:33"]

1. e4 e5 2. Nf3 Nc6 3. Bc4 Nf6 4. d3 Bc5 5. c3 d6 6. O-O a6 7. a4 h6 8. Re1 Ba7 9. Nbd2 O-O 10. Nf1 Be6 11. a5 Nxe4 12. Rxe4 d5 13. Bxd5 Bxd5 14. Re1 Re8 15. Be3 Bxf3 16. gxf3 Qd6 17. Qe2 Rad8 18. Bxa7 Nxa7 19. Red1 Nc6 20. b4 Ne7 21. d4 Nd5 22. Qc4 e4 23. fxe4 Rxe4 24. Ng3 Rg4 25. Re1 h5 26. Re4 Rxe4 27. Nxe4 Qg6+ 28. Ng3 h4 29. Re1 hxg3 30. hxg3 c6 31. Qc5 Qd3 32. c4 Nf6 33. Qb6 Qxd4 34. Qxb7 Qxc4 35. Re7 Rd1+ 36. Kg2 Qd5+ 0-1

[Event "December 19 Early 2023"]
[Site "https://www.chess.com"]
[Date "2023.12.19"]
[Round "4"]
[White "Rojas Alarcon, Julian Antonio"]
[Black "Jones, Gawain C B"]
[Result "0-1"]
[Board "51"]
[TimeControl "180+1"]
[WhiteFideId "5107407"]
[BlackFideId "409561"]
[WhiteElo "2340"]
[BlackElo "2645"]
[WhiteTeam "MEX"]
[BlackTeam "ENG"]
[WhiteClock "0:00:00"]
[BlackClock "0:00:10"]

1. c4 c5 2. g3 g6 3. Bg2 Bg7 4. Nc3 Nc6 5. e3 d6 6. Nge2 e5 7. b3 Nb4 8. d3 Bf5 9. Ne4 Nf6 10. a3 Bxe4 11. dxe4 Nc6 12. Ra2 O-O 13. Rd2 Qa5 14. Bb2 Rad8 15. O-O h5 16. h3 Rd7 17. Qc2 h4 18. g4 Re8 19. Rfd1 Qc7 20. Rd3 Nh7 21. R1d2 Ng5 22. Qd1 Red8 23. Nc3 Qb8 24. Qe2 Ne6 25. Qd1 a6 26. Nd5 b5 27. cxb5 axb5 28. Bf1 Ne7 29. Nxe7+ Rxe7 30. Rxd6 Rxd6 31. Rxd6 Kh7 32. Rd7 Rxd7 33. Qxd7 c4 34. Qxf7 Ng5 35. Qe7 Nf3+ 36. Kg2 Ne1+ 37. Kh1 Nd3 38. Bxd3 cxd3 39. Qd7 Qf8 40. Kg2 Qa8 41. Qxd3 Qc6 0-1

[Event "December 19 Early 2023"]
[Site "https://www.chess.com"]
[Date "2023.12.19"]
[Round "4"]
[White "Jumabayev, Rinat"]
[Black "Kokoszczynski, Jan"]
[Result "1/2-1/2"]
[Board "52"]
[TimeControl "180+1"]
[WhiteFideId "13702661"]
[BlackFideId "1174460"]
[WhiteElo "2561"]
[BlackElo "2266"]
[WhiteTeam "KAZ"]
[BlackTeam "POL"]
[WhiteClock "0:00:03"]
[BlackClock "0:00:06"]

1. Nf3 d5 2. g3 c6 3. Bg2 Bg4 4. c4 e6 5. Qb3 Qb6 6. h3 Bh5 7. d3 Nd7 8. O-O Ngf6 9. Be3 Bc5 10. d4 Qxb3 11. axb3 Bd6 12. Nc3 O-O 13. Bf4 Bxf4 14. gxf4 Bg6 15. Ne5 Nxe5 16. fxe5 Nh5 17. c5 f6 18. e3 fxe5 19. dxe5 a6 20. Ra4 Bd3 21. Rc1 g5 22. Rg4 h6 23. Rd4 Bf5 24. h4 Ng7 25. Ne2 Kf7 26. Ng3 Bg6 27. hxg5 hxg5 28. Rg4 Rh8 29. Rxg5 Rh4 30. f4 Rah8 31. Kf2 Rh2 32. Rh1 Bc2 33. Rxh2 Rxh2 34. Kg1 Rh4 35. b4 Bg6 36. Kf2 Bf5 37. Kg1 Bg6 38. Kf2 Bf5 39. Kf3 Rh2 40. Kf2 Bg6 41. Kg1 Rh4 1/2-1/2

[Event "December 19 Early 2023"]
[Site "https://www.chess.com"]
[Date "2023.12.19"]
[Round "4"]
[White "Sipila, Vilka"]
[Black "Harutjunyan, Gevorg"]
[Result "1-0"]
[Board "53"]
[TimeControl "180+1"]
[WhiteFideId "505455"]
[BlackFideId "13300873"]
[WhiteElo "2343"]
[BlackElo "2436"]
[WhiteTeam "FIN"]
[BlackTeam "ARM"]
[WhiteClock "0:01:31"]
[BlackClock "0:00:02"]

1. e4 c6 2. d4 d5 3. e5 Bf5 4. Nf3 e6 5. Be2 Ne7 6. c3 h6 7. O-O Nc8 8. a4 a5 9. Nbd2 Be7 10. Re1 O-O 11. Nf1 Nd7 12. Ng3 Bh7 13. Bd3 c5 14. Bxh7+ Kxh7 15. dxc5 Nxc5 16. Nd4 Nb6 17. f4 Qd7 18. f5 exf5 19. Ngxf5 Nbxa4 20. Qh5 Ra6 21. e6 Rxe6 22. Nxe6 Nxe6 23. Nxe7 Qxe7 24. Rxa4 b5 25. Rxa5 d4 26. Rxb5 d3 27. Qf5+ Kg8 28. Qxd3 Qa7+ 29. Be3 Qa4 30. Rb4 Qa2 31. Qc4 Qa8 32. Qe4 Qa6 33. Rb6 Qa2 34. Bd4 Ng5 35. Qe7 Ra8 36. Rb7 Qd5 37. Qe5 Qxe5 38. Bxe5 Ra2 39. Bd4 f6 40. h4 1-0

[Event "December 19 Early 2023"]
[Site "https://www.chess.com"]
[Date "2023.12.19"]
[Round "4"]
[White "Szpar, Milosz"]
[Black "Manukian, Artak"]
[Result "1-0"]
[Board "54"]
[TimeControl "180+1"]
[WhiteFideId "1184989"]
[BlackFideId "13301373"]
[WhiteElo "2446"]
[BlackElo "2030"]
[WhiteTeam "POL"]
[BlackTeam "ARM"]
[WhiteClock "0:01:46"]
[BlackClock "0:00:33"]

1. e4 c6 2. d4 d5 3. e5 Bf5 4. h4 h5 5. c4 e6 6. Nc3 Ne7 7. Nge2 dxc4 8. Ng3 Bd3 9. Bxd3 cxd3 10. Qxd3 Nd5 11. Bg5 Qb6 12. O-O Nd7 13. Nce4 a5 14. Qd1 g6 15. Rc1 a4 16. Qd2 Bb4 17. Qd3 O-O 18. Rfd1 a3 19. b3 Rfc8 20. Qf3 Bf8 21. Nxh5 gxh5 22. Qxh5 Bg7 23. Nd6 Rf8 24. Rd3 Nxe5 25. dxe5 Bxe5 26. Bh6 Bxd6 27. Qg5+ 1-0

[Event "December 19 Early 2023"]
[Site "https://www.chess.com"]
[Date "2023.12.19"]
[Round "4"]
[White "Manukyan, Sargis A."]
[Black "Ashraf, Artin"]
[Result "1-0"]
[Board "55"]
[TimeControl "180+1"]
[WhiteFideId "13303970"]
[BlackFideId "22514805"]
[WhiteElo "2186"]
[BlackElo "2268"]
[WhiteTeam "ARM"]
[BlackTeam "IRI"]
[WhiteClock "0:00:14"]
[BlackClock "0:00:03"]

1. d4 Nf6 2. c4 e6 3. Nc3 Bb4 4. e3 O-O 5. a3 Bxc3+ 6. bxc3 d6 7. Bd3 b6 8. Ne2 Nc6 9. O-O Na5 10. e4 Ba6 11. Bg5 Nxc4 12. Qa4 Nd2 13. Qxa6 Nxf1 14. Rxf1 Qc8 15. Qa4 c6 16. f4 Nd7 17. f5 e5 18. f6 g6 19. Ng3 Re8 20. Qd1 Nf8 21. Qf3 Ne6 22. Be3 Kh8 23. Ne2 Qc7 24. Qh3 d5 25. Qh6 Qd6 26. exd5 cxd5 27. Rf3 Qf8 28. Qh4 e4 29. Rh3 Qg8 30. Bb5 Rec8 31. Bd7 Rc7 32. Bxe6 fxe6 33. f7 Qxf7 34. Bf4 Rf8 35. Be5+ Kg8 36. Nf4 Rd7 37. Qg5 Qf5 38. Qg3 Rdf7 39. Rh4 e3 40. Qxe3 Qb1+ 41. Kf2 Qb2+ 42. Kg3 Qc2 43. Nxg6 Rf2 44. Ne7+ Kf7 45. Qxf2+ Qxf2+ 46. Kxf2 Kxe7+ 47. Ke2 1-0

[Event "December 19 Early 2023"]
[Site "https://www.chess.com"]
[Date "2023.12.19"]
[Round "4"]
[White "Yeletsky, Ivan"]
[Black "Trost, Edvin"]
[Result "1-0"]
[Board "56"]
[TimeControl "180+1"]
[WhiteFideId "24180327"]
[BlackFideId "1729519"]
[WhiteElo "2379"]
[BlackElo "2385"]
[WhiteTeam "RUS"]
[BlackTeam "SWE"]
[WhiteClock "0:00:07"]
[BlackClock "0:00:00"]

1. c4 e5 2. Nc3 Nc6 3. e3 Nf6 4. Nf3 g6 5. Qb3 Bg7 6. Be2 O-O 7. O-O Re8 8. d3 d6 9. h3 h6 10. Rd1 Rb8 11. Qc2 Be6 12. a3 a5 13. b3 Qd7 14. Bb2 Rbc8 15. Ne4 b6 16. Nfd2 Nxe4 17. dxe4 Qe7 18. Kh2 h5 19. Bf3 Qh4 20. Nb1 g5 21. Rh1 g4 22. g3 Qg5 23. hxg4 hxg4 24. Bg2 Bf6 25. Kg1 Kg7 26. Nc3 Rh8 27. Nd5 Rh5 28. Rxh5 Qxh5 29. Kf1 Bxd5 30. exd5 Ne7 31. Be4 Bg5 32. Ke2 Bh6 33. Rh1 Qg5 34. Bg2 Rh8 35. b4 axb4 36. axb4 Nf5 37. Qe4 Ne7 38. Bc3 f5 39. Qd3 Ra8 40. Qd2 1-0

[Event "December 19 Early 2023"]
[Site "https://www.chess.com"]
[Date "2023.12.19"]
[Round "4"]
[White "Materia, Marco"]
[Black "Kavyev, Ruslan"]
[Result "1/2-1/2"]
[Board "57"]
[TimeControl "180+1"]
[WhiteFideId "45150451"]
[BlackFideId "34110981"]
[WhiteElo "2451"]
[BlackElo "2336"]
[WhiteTeam "FRA"]
[BlackTeam "RUS"]
[WhiteClock "0:00:21"]
[BlackClock "0:00:19"]

1. d4 Nf6 2. c4 g6 3. Nc3 Bg7 4. Nf3 O-O 5. Bg5 c5 6. e3 d6 7. d5 a6 8. a4 e5 9. dxe6 Bxe6 10. Be2 Nc6 11. O-O h6 12. Bf4 d5 13. cxd5 Nxd5 14. Nxd5 Qxd5 15. Qc1 Qb3 16. Qxc5 Qxb2 17. Rae1 Qb4 18. Qxb4 Nxb4 19. Bd6 Nc2 20. Bxf8 Nxe1 21. Bxg7 Nxf3+ 22. Bxf3 Kxg7 23. Bxb7 Ra7 24. Rb1 a5 25. Bc6 Rc7 26. Bb5 Ba2 27. Ra1 Bb3 28. g3 h5 29. h4 Rc2 30. Rb1 Ba2 31. Rd1 Bc4 32. Bxc4 Rxc4 33. Rd4 Rc1+ 34. Kg2 Ra1 35. Kf3 Ra2 36. e4 Kf6 37. Ke3 Ke6 38. f3 Ra3+ 39. Kf4 Kf6 40. g4 hxg4 41. fxg4 Ra1 42. g5+ Ke6 43. Rc4 Kd6 44. Ke3 Re1+ 45. Kd4 Ra1 46. e5+ Ke6 47. Kc5 Rb1 48. Re4 Rb2 49. Rf4 Kxe5 50. Rxf7 Rb4 51. Re7+ Kf5 52. Rf7+ Kg4 53. Rf6 Kxh4 54. Rxg6 Rxa4 55. Rg8 Rg4 56. g6 Kh5 57. g7 Kh6 58. Kb5 Rxg7 59. Rxg7 Kxg7 60. Kxa5 1/2-1/2

[Event "December 19 Early 2023"]
[Site "https://www.chess.com"]
[Date "2023.12.19"]
[Round "4"]
[White "Shubenkova, Veronika"]
[Black "Brodsky, David"]
[Result "1-0"]
[Board "58"]
[TimeControl "180+1"]
[WhiteFideId "44124040"]
[BlackFideId "2073250"]
[WhiteElo "1967"]
[BlackElo "2826"]
[WhiteTeam "RUS"]
[BlackTeam "USA"]
[WhiteClock "0:00:36"]
[BlackClock "0:00:00"]

1. e4 c5 2. Nc3 d6 3. g3 Nc6 4. Bg2 g6 5. d3 Bg7 6. f4 e6 7. Nf3 Nge7 8. O-O O-O 9. Ne2 f5 10. Rb1 Rb8 11. Be3 b5 12. h3 e5 13. fxe5 Nxe5 14. Nxe5 Bxe5 15. Bf4 Bb7 16. Qd2 fxe4 17. dxe4 Nc6 18. c3 Qe7 19. Rbd1 Rbd8 20. Bg5 Bf6 21. Bxf6 Rxf6 22. Rxf6 Qxf6 23. Nf4 Ne5 24. Nd5 Bxd5 25. Qxd5+ Qf7 26. b3 Qxd5 27. Rxd5 Kf7 28. Bf1 a6 29. a4 bxa4 30. bxa4 a5 31. h4 Ke7 32. Be2 Rb8 33. Bb5 Rf8 34. Be2 Nd7 35. Rd1 Nf6 36. Bf3 Nd7 37. Be2 Nb6 38. Ra1 Ke6 39. Rb1 Nxa4 40. Rb3 Ke5 41. Bd3 c4 42. Bxc4 Rc8 43. Ba6 Rxc3 44. Rb5+ Rc5 45. Rb7 h5 46. Re7+ Kd4 47. Re6 Rc6 48. Bb5 Rc1+ 49. Kh2 Nc3 50. Be8 Nxe4 51. Bxg6 d5 52. Bxh5 Rc2+ 53. Kh3 Nf2+ 54. Kg2 Nd3+ 55. Kh3 Nf2+ 56. Kg2 Nd3+ 57. Kh3 a4 58. Ra6 Nc5 59. Ra7 Ra2 60. Bf7 a3 61. h5 Ra1 62. Kh2 a2 63. h6 Rf1 64. h7 Rxf7 65. Rxf7 a1=Q 66. h8=Q+ 1-0